 Dungeon Crawl Stone Soup version 0.29-a0-993-g4a18f31a58 (webtiles) character file.

Game seed: 4726685585520752572

43 flotson the Sneak (level 3, -3/29 HPs)
             Began as a Demonspawn Delver on Aug 2, 2022.
             Splashed by a jelly's acid (8 damage)
             ... on level 4 of the Dungeon.
             The game lasted 00:01:40 (738 turns).

flotson the Sneak (Demonspawn Delver)                Turns: 738, Time: 00:01:41

Health: -3/29      AC:  2    Str: 14    XL:     3   Next: 37%
Magic:  3/3        EV:  4    Int: 11    God:
Gold:   15         SH:  0    Dex: 14    Spells: 2/2 levels left

rFire   . . .      SeeInvis .   a - +0 short sword
rCold   . . .      Faith    .   (no shield)
rNeg    . . .      Spirit   .   f - +0 plate armour
rPois   .          Reflect  .   (no helmet)
rElec   .          Harm     .   (no cloak)
rCorr   .          Rampage  .   (no gloves)
Will    .....                   (no boots)
Stlth   ..........              (no amulet)
HPRegen 0.09/turn               (no ring)
MPRegen 0.16/turn               (no ring)

@: corroded
A: powered by death 1, magic regeneration
a: no special abilities


You were on level 4 of the Dungeon.
You visited 1 branch of the dungeon, and saw 3 of its levels.

You collected 15 gold pieces.

Inventory:

Hand Weapons
 a - a +0 short sword (weapon)
Armour
 f - a +0 plate armour (worn)
Wands
 g - a wand of digging (3)
Scrolls
 b - a scroll of vulnerability {unknown}
 c - a scroll of fog
 e - a scroll of fear


   Skills:
 + Level 3.3 Fighting
 - Level 1.7 Polearms
 + Level 1.1 Armour
 + Level 2.3 Dodging
 - Level 4.5 Stealth
 + Level 1.3 Evocations


You had 2 spell levels left.
You didn't know any spells.
Your spell library was empty.

Dungeon Overview and Level Annotations

Branches:
Dungeon (6/15)
 Temple: D:4-7

Altars:


Innate Abilities, Weirdness & Mutations

You regenerate a little health from kills.
You regenerate magic rapidly.


Message History

The orc is heavily wounded.
The orc hits you but does no damage.
You hit the orc but do no damage.
The orc is heavily wounded.
The orc hits you but does no damage.
You hit the orc.
The orc is almost dead.
The orc barely misses you.
The dart slug bites you but does no damage.
You hit the orc.
You kill the orc!
The dart slug barely misses you.
You hit the dart slug.
The dart slug is heavily wounded.
You hit the dart slug.
The dart slug is almost dead.
The dart slug bites you but does no damage.
You hit the dart slug.
You kill the dart slug!
The jelly hits you but does no damage.
You hit the jelly. The acid corrodes you!
Your hands burn!
The jelly is lightly wounded.
The jelly hits you but does no damage.
You hit the jelly.
Your hands burn!
The jelly is moderately wounded.
The jelly hits you. The acid corrodes you!
You are splashed with acid.
You hit the jelly but do no damage.
Your hands burn!
The jelly is moderately wounded.
The jelly barely misses you. The jelly hits you.
You are splashed with acid.
* * * LOW HITPOINT WARNING * * *
You are too injured to fight recklessly!
You are too injured to fight recklessly!
You are too injured to fight recklessly!
You are too injured to fight recklessly!
You are too injured to fight recklessly!
You are too injured to fight recklessly!
The jelly attacks as you move away! The jelly hits you.
* * * LOW HITPOINT WARNING * * *
You are splashed with acid!
You die...

## #########
.#####.#######...#...###
......)...J@..........>#
.##...†#######.....#.#.#
#.##. .........###.#.# #
.. .............#.# #.$
.#############.# ##. ..#
.. ### #.


You could see a jelly.

Vanquished Creatures
  An orc wizard (D:5)
  A shadow imp (D:5)
  A dart slug (D:4)
  4 orcs
7 creatures vanquished.

Notes
Turn   | Place    | Note
-------+----------+-------------------------------------------
     0 | D:5      | flotson the Demonspawn Delver began the quest for the Orb.
     0 | D:5      | Reached XP level 1. HP: 18/18 MP: 1/1
   135 | D:5      | Gained mutation: You regenerate a little health from kills.
                  | [demonic ancestry]
   135 | D:5      | Reached XP level 2. HP: 8/24 MP: 2/2
   407 | D:5      | Reached skill level 1 in Armour
   407 | D:5      | Reached skill level 1 in Evocations
   407 | D:5      | Gained mutation: You regenerate magic rapidly. [demonic
                  | ancestry]
   407 | D:5      | Reached XP level 3. HP: 6/29 MP: 3/3
   738 | D:4      | Splashed by a jelly's acid

Illustrated notes

Levels and vault maps discovered:
D:4:      layout_basic, fedhas_altar_3, mainiacjoe_overflow_catwalk_spiral,
          lexackson_kobold_supper
D:5:      layout_basic, overflow_temple_1_default, lemuel_doored_altar,
          gammafunk_ghost_mausoleum, nicolae_shop_clearance, uniq_prince_ribbit1
D:6:      layout_basic, grunt_dithmenos_smoke_and_mirrors

Skill      XL: |  1  2 |
---------------+-------+-----
Dodging        | 2 |  2.3
Armour         | 1 |  1.1
Evocations     | 1 |  1.3
Fighting       | |  3.3
Polearms       | |  1.7
Stealth        | |  4.5

Action                   || total
-------------------------++-------
Melee: Spear             ||    18
       Punch             ||     1
       Short sword       ||    52
  Use: Potion            ||     1
       Scroll            ||     1
 Stab: Distracted        ||     1
       Sleeping          ||     1
Armor: Leather armour    ||     1
       Plate armour      ||    38
Dodge: Dodged            ||     6

Table legend: (Time is in decaauts)
 A = Elapsed time spent in this place.
 B = Non-inter-level travel time spent in this place.
 C = Inter-level travel time spent in this place.
 D = Time resting spent in this place.
 E = Time spent auto-exploring this place.
 F = Levels seen in this place.
 G = Mean time per level.
                   A        B        C        D        E       F      G
               +--------+--------+--------+--------+--------+-----+--------+
         Total |    724 |    724 |      0 |      0 |    571 |   3 |  241.3 |
       Dungeon |    724 |    724 |      0 |      0 |    571 |   3 |  241.3 |
               +--------+--------+--------+--------+--------+-----+--------+

Top non-repeatable levels by time:
     D:5: 516 daAuts
     D:6: 175 daAuts
     D:4: 32 daAuts
